 Dungeon Crawl Stone Soup version 0.29-a0-459-g97dee8cd24 (webtiles) character file.

Game seed: 17442535616703287773

60 siradein the Grave Robber (level 3, -8/24 HPs)
             Began as a Demonspawn Necromancer on May 21, 2022.
             Mangled by Sigmund
             ... wielding a +2 scythe of venom
              (9 damage)
             ... on level 2 of the Dungeon.
             The game lasted 00:02:52 (1721 turns).

siradein the Grave Robber (Demonspawn Necromancer)  Turns: 1721, Time: 00:02:53

Health: -8/24      AC:  5    Str: 10    XL:     3   Next: 82%
Magic:  3/7        EV: 10    Int: 16    God:
Gold:   94         SH:  0    Dex: 13    Spells: 7/8 levels left

rFire   . . .      SeeInvis .   (no weapon)
rCold   . . .      Faith    .   (no shield)
rNeg    . . .      Spirit   .   g - +0 ring mail
rPois   .          Reflect  .   (no helmet)
rElec   .          Harm     .   (no cloak)
rCorr   .          Rampage  .   (no gloves)
Will    .....                   (no boots)
Stlth   ..........              (no amulet)
HPRegen 0.08/turn               (no ring)
MPRegen 0.10/turn               (no ring)

@: confused, lethally poisoned (-8 -> -17)
A: claws 1
a: no special abilities


You were on level 2 of the Dungeon.
You visited 1 branch of the dungeon, and saw 2 of its levels.

You collected 94 gold pieces.

Inventory:

Missiles
 h - 5 silver javelins
Armour
 g - a +0 ring mail (worn)
Scrolls
 f - a scroll of poison {unknown}
 i - a scroll of teleportation {unknown}
Potions
 a - 2 potions of curing
 b - a potion of magic
 c - a potion of heal wounds {unknown}
 d - a potion of mutation {unknown}
 e - 2 potions of haste {unknown}


   Skills:
 - Level 1.7 Dodging
 - Level 1.7 Stealth
 + Level 3.1 Spellcasting
 + Level 5.3 Necromancy


You had 7 spell levels left.
You knew the following spells:

 Your Spells              Type           Power      Damage    Failure   Level
a - Necrotize             Necr           76%        1d7       5%          1

Your spell library contained the following spells:

 Spells                   Type           Power      Damage    Failure   Level
 Sublimation of Blood     Necr           19%        N/A       9%          2
 Vampiric Draining        Necr           19%        2d7       17%         3
 Apportation              Tloc           4%         N/A       43%         1
 Summon Small Mammal      Summ           8%         N/A       43%         1
 Animate Dead             Necr           19%        N/A       50%         4
 Wereblood                Tmut           2%         N/A       58%         2
 Gell's Gravitas          Tloc           2%         N/A       82%         3
 Teleport Other           Tloc           2%         N/A       82%         3
 Agony                    Necr           19%        N/A       83%         5
 Dispersal                Tloc           1%         N/A       100%        6
 Summon Hydra             Summ           1%         N/A       100%        7


Dungeon Overview and Level Annotations

Branches:
Dungeon (2/15)

Altars:

Annotations:
D:2 Sigmund


Innate Abilities, Weirdness & Mutations

You have sharp fingernails.


Message History

The ball python writhes in agony.
You kill the ball python!
The dead are slithering!
Sigmund writhes in agony.
Sigmund hits you from afar with a +2 scythe of venom.
You are poisoned.
Sigmund barely resists.
You feel very sick.
Sigmund points at you and mumbles some strange words.
You are confused.
You're too confused to cast spells.
You're too confused to cast spells.
You're too confused to cast spells.
Are you sure you want to stumble around while confused and next to your ball python skeleton? [Y]es or [N]o only, please.
Are you sure you want to stumble around while confused and next to your ball python skeleton? [Y]es or [N]o only, please.
Are you sure you want to stumble around while confused and next to your ball python skeleton?
Okay, then.
Are you sure you want to stumble around while confused and next to your ball python skeleton? [Y]es or [N]o only, please.
Are you sure you want to stumble around while confused and next to your ball python skeleton?
Okay, then.
You feel sick.
Sigmund hits you from afar with a +2 scythe of venom.
You are lethally poisoned!
* * * LOW HITPOINT WARNING * * *
You feel very sick.
Your ball python skeleton bites Sigmund but does no damage.
Your ball python skeleton barely misses Sigmund.
* * * LOW HITPOINT WARNING * * *
You feel very sick. Sigmund barely misses you.
Your ball python skeleton bites Sigmund.
Your ball python skeleton grabs Sigmund.
Your ball python skeleton constricts Sigmund.
* * * LOW HITPOINT WARNING * * *
You feel sick.
Sigmund hits you from afar with a +2 scythe of venom!
You die...

...#######
.........#
#........
#.##..##.#
#........ #.##...#
## #........
#>###### .
#........ #.#
#g#........
#.##########
#@#........
#..........#
#.Z........
##########.#####@#
#.......#
#########


You could see Sigmund (ally target), a goblin and a friendly ball python
skeleton.

Vanquished Creatures
  2 adders (D:2)
  2 dart slugs (D:1)
  6 ball pythons
  3 endoplasms
  A giant cockroach (D:2)
  5 goblins
  5 hobgoblins
  2 quokkas (D:2)
  4 bats (D:1)
  A frilled lizard (D:1)
  5 kobolds
  A rat (D:2)
37 creatures vanquished.

Notes
Turn   | Place    | Note
-------+----------+-------------------------------------------
     0 | D:1      | siradein the Demonspawn Necromancer began the quest for the
                  | Orb.
     0 | D:1      | Reached XP level 1. HP: 13/13 MP: 3/3
   187 | D:1      | Discovered your monstrous ancestry.
   187 | D:1      | Gained mutation: You have sharp fingernails. [demonic
                  | ancestry]
   187 | D:1      | Reached XP level 2. HP: 19/19 MP: 1/5
   691 | D:1      | Found a faded altar of an unknown god.
  1091 | D:2      | Reached XP level 3. HP: 22/24 MP: 4/7
  1095 | D:2      | Reached skill level 5 in Necromancy
  1713 | D:2      | Noticed Sigmund
  1721 | D:2      | HP: 1/24 [poisoned by Sigmund]
  1721 | D:2      | Mangled by Sigmund

Illustrated notes

Levels and vault maps discovered:
D:1:      giann_horns, layout_loops_ring, chequers_ecumenical_altar_simple_redux
D:2:      layout_basic, uniq_sigmund

Skill      XL: |  1  2  3 |
---------------+----------+-----
Necromancy     | 5 |  5.3
Spellcasting   | 3 |  3.1
Dodging        | |  1.7
Stealth        | |  1.7

Action                   || total
-------------------------++-------
Melee: Dagger            ||     2
       Unarmed           ||    20
       Punch             ||     2
 Cast: Necrotize         ||    67
Armor: Robe              ||     7
       Ring mail         ||     2
Dodge: Dodged            ||    23

Table legend: (Time is in decaauts)
 A = Elapsed time spent in this place.
 B = Non-inter-level travel time spent in this place.
 C = Inter-level travel time spent in this place.
 D = Time resting spent in this place.
 E = Time spent auto-exploring this place.
 F = Levels seen in this place.
 G = Mean time per level.
                   A        B        C        D        E       F      G
               +--------+--------+--------+--------+--------+-----+--------+
         Total |   1720 |   1704 |     16 |      0 |   1447 |   2 |  860.0 |
       Dungeon |   1720 |   1704 |     16 |      0 |   1447 |   2 |  860.0 |
               +--------+--------+--------+--------+--------+-----+--------+

Top non-repeatable levels by time:
     D:1: 1054 daAuts
     D:2: 665 daAuts
